 Dungeon Crawl Stone Soup version 0.21-a0-41-g5e91fef (webtiles) character file.

13601 Duffy the Cleaver (level 12, -4/97 HPs)
             Began as a Formicid Fighter on June 5, 2017.
             Was a High Priest of Cheibriados.
             Slain by an 11-headed hydra (11 damage)
             ... on level 12 of the Dungeon.
             The game lasted 00:11:09 (9148 turns).

Duffy the Cleaver (Formicid Fighter)                Turns: 9148, Time: 00:11:10

Health: -4/97      AC: 23    Str: 39    XL:     12   Next: 34%
Magic:  3/14       EV:  8    Int: 25    God:    Cheibriados [*****.]
Gold:   683        SH: 19    Dex: 24    Spells: 11/11 levels left

rFire    . . .     SeeInvis +   a - +10 battleaxe of Cuunaq {holy, Int+4}
rCold    . . .     Gourm    .   c - +0 shield
rNeg     . . .     Faith    .   Q - +0 plate armour
rPois    .         Spirit   .   (helmet unavailable)
rElec    .         Reflect  +   (no cloak)
rCorr    .         Harm     .   w - +0 pair of gloves
MR       +....                  S - +1 pair of boots
Stlth    ..........             E - +4 amulet of reflection
Regen    0.7/turn               T - +3 ring of protection
MPRegen  0.2/turn               H - +6 ring of protection

@: very slow
A: permanent stasis, dig shafts and tunnels, four strong arms, antennae 3, dopey
1, low mp 1, regeneration 1, MP-powered wands
a: Dig, Shaft Self, Bend Time, Temporal Distortion, Slouch, Step From Time,
Renounce Religion


You were on level 12 of the Dungeon.
You worshipped Cheibriados.
Cheibriados was extremely pleased with you.
You were not hungry.

You visited 2 branches of the dungeon, and saw 15 of its levels.
You also visited: Ossuary.

You collected 683 gold pieces.

Inventory:

Hand Weapons
 a - the +10 battleaxe of Cuunaq (weapon) {holy, Int+4}
   (You found it on level 7 of the Dungeon)

   It has been blessed by the Shining One to cause great damage to the undead
   and demons.
   It affects your intelligence (+4).
 t - a +1 hand axe of electrocution
 P - a +0 battleaxe
 R - a +0 war axe
Missiles
 G - 2 curare-tipped needles
Armour
 c - a +0 shield (worn)
 w - a +0 pair of gloves (worn)
 D - the +1 ring mail of Foliunoa {Str+4}
   (You found it on level 4 of the Dungeon)

   It affects your strength (+4).
 Q - a +0 plate armour (worn)
 S - a +1 pair of boots (worn)
Jewellery
 h - an uncursed ring of teleportation
 u - a -3 ring of slaying
 y - an uncursed amulet of inaccuracy
 E - a +4 amulet of reflection (around neck)
 H - a +6 ring of protection (right hand)
 M - an uncursed ring of positive energy
 T - a +3 ring of protection (left hand)
Wands
 F - a wand of polymorph (12/24)
 O - a wand of iceblast (5/15)
 V - a wand of paralysis (3/24)
 W - a wand of lightning (7/15)
Scrolls
 b - 4 scrolls of remove curse
 g - 4 scrolls of recharging {unknown}
 n - 4 scrolls of enchant weapon {unknown}
 p - a scroll of amnesia {unknown}
 q - a scroll of fear {unknown}
 r - 6 scrolls of teleportation {unknown}
 s - a scroll of blinking {unknown}
 x - a scroll of enchant armour {unknown}
 z - 3 scrolls of magic mapping {unknown}
 U - a scroll of immolation {unknown}
 X - a scroll of brand weapon {unknown}
Potions
 d - 2 potions of might
 e - 4 potions of cancellation
 i - 4 potions of lignification
 j - 7 potions of heal wounds
 m - 7 potions of curing
 o - 3 potions of agility
 A - 3 potions of degeneration
 B - 4 potions of haste
 C - 3 potions of flight
 I - a potion of resistance {unknown}
 J - 2 potions of brilliance {unknown}
 K - 3 potions of magic
 L - 2 potions of ambrosia
Books
 Y - a book of Transfigurations

   Spells                             Type                      Level
   a - Irradiate                      Conjuration/Transmutation    5
   b - Statue Form                    Transmutation/Earth          6
   c - Hydra Form                     Transmutation                6
   d - Dragon Form                    Transmutation                7
Comestibles
 f - 7 bread rations
 k - 6 meat rations
 l - 8 fruits
 v - 2 royal jellies
 N - 3 chunks of flesh


   Skills:
 + Level 10.2 Fighting
 * Level 14.1 Axes
 - Level 3.2 Armour
 - Level 10.0 Shields
 + Level 4.9 Invocations


You had 11 spell levels left.
You didn't know any spells.

Dungeon Overview and Level Annotations

Branches:
Dungeon (14/15)            Temple (1/1) D:4            Lair (0/6) D:8
    Orc: D:9-12      Vaults: D:13-14

Altars:
Ashenzari
Cheibriados
Dithmenos
Elyvilon
Fedhas
Gozag
Hepliaklqana
Kikubaaqudgha
Makhleb
Nemelex Xobeh
Okawaru
Qazlal
Ru
Sif Muna
Trog
Uskayaw
Vehumet
Wu Jian
Xom
Yredelemnul
Zin
The Shining One


Innate Abilities, Weirdness & Mutations

You cannot be hasted, slowed, berserked, paralysed or teleported.
You can dig through walls and to a lower floor.
Your four strong arms can wield two-handed weapons with a shield.
You have a pair of large antennae on your head. (SInv)
You are dopey. (Int -2)
Your magical capacity is low. (-10% MP)
Your natural rate of healing is unusually fast.
You expend magic power (3 MP) to strengthen your wands.


Message History

You slice one of the nine-headed hydra's heads off!
The eight-headed hydra grows two more!
You slice the ten-headed hydra!!
The ten-headed hydra is heavily wounded.
The ten-headed hydra barely misses you.
The ten-headed hydra bites you but does no damage. x2
The ten-headed hydra barely misses you.
You block the ten-headed hydra's attack.
The ten-headed hydra bites you but does no damage.
The ten-headed hydra closely misses you.
You block the ten-headed hydra's attack.
The ten-headed hydra bites you!
You block the ten-headed hydra's attack.
You hack one of the ten-headed hydra's heads off!
The nine-headed hydra grows two more!
You hit the 11-headed hydra.
The 11-headed hydra is heavily wounded.
You block the 11-headed hydra's attack. The 11-headed hydra bites you.
You block the 11-headed hydra's attack.
The 11-headed hydra bites you but does no damage.
The 11-headed hydra bites you!
You die...

#..##.##
#..##.############
#..##............#
#..#############.#
##..###### #.#
...##...## #.#
##.#.<...#######.#
#...D.......%...#
.######.#.@...####%####
........##...## #.#
.######.###.######.#
#........>....# #
##.....#####..... .
........## ##.### #
####.#.## #.# # #.#.# {
# #.#....... #


You could see a 11-headed hydra.

Vanquished Creatures
  An unseen horror (D:14)
  A deep elf mage (D:14)
  4 ugly things (D:14)
  A hornet (D:8)
  3 trolls
  6 slime creatures (D:14)
  4 hippogriffs
  A wyvern (D:14)
  9 yaks
  A basilisk (D:14)
  2 hungry ghosts (D:9)
  3 vampire mosquitoes (D:14)
  A water moccasin (D:12)
  2 ice beasts (D:10)
  5 orc warriors
  3 sky beasts
  3 black bears
  5 ogres
  3 phantoms
  A necrophage (D:7)
  6 centaurs
  2 elf zombies (Ossuary)
  Blork the orc (D:4)
  2 bullfrogs
  2 gnoll sergeants (D:9)
  A wyvern skeleton (D:9)
  2 scorpions
  4 wights (D:14)
  20 killer bees
  4 crimson imps
  3 hounds
  2 quasits (D:8)
  2 centaur zombies
  3 centaur skeletons
  A jelly (D:9)
  2 bullfrog skeletons
  4 orc priests
  12 orc wizards
  An iguana (D:14)
  7 worker ants
  5 big kobold zombies (Ossuary)
  2 hound zombies
  2 hound skeletons
  3 mummies (Ossuary)
  A worker ant zombie (D:5)
  11 gnolls
  10 adders
  5 adder zombies
  2 adder skeletons
  5 worms
  5 dart slugs
  10 leopard geckos
  31 orcs
  4 giant cockroaches
  4 goblins
  8 hobgoblins
  5 quokkas
  A ball python (D:2)
  A ball python skeleton (D:4)
  7 bats
  4 frilled lizards
  2 gnoll zombies (Ossuary)
  2 goblin zombies (Ossuary)
  3 hobgoblin zombies (Ossuary)
  4 jackal zombies
  4 kobolds
  2 kobold zombies (Ossuary)
  2 leopard gecko skeletons
  A leopard gecko zombie (D:7)
  3 orc zombies (Ossuary)
  3 quokka zombies
  8 rats
  6 rat zombies (Ossuary)
306 creatures vanquished.

Vanquished Creatures (others)
  A centaur (D:14)
  A quokka (D:4)
2 creatures vanquished.

Grand Total: 308 creatures vanquished

Notes
Turn   | Place    | Note
-------+----------+-------------------------------------------
     0 | D:1      | Duffy the Formicid Fighter began the quest for the Orb.
     0 | D:1      | Reached XP level 1. HP: 18/18 MP: 1/1
    92 | D:1      | Reached XP level 2. HP: 24/24 MP: 2/2
   485 | D:1      | Reached XP level 3. HP: 29/29 MP: 3/3
  1018 | D:2      | Reached skill level 3 in Axes
  1280 | D:2      | Reached XP level 4. HP: 27/35 MP: 4/4
  2171 | D:3      | Reached skill level 5 in Shields
  2171 | D:3      | Reached XP level 5. HP: 37/41 MP: 5/5
  2645 | D:3      | Reached skill level 4 in Axes
  2869 | D:3      | Reached XP level 6. HP: 27/47 MP: 6/6
  3049 | D:4      | Found a white marble altar of Elyvilon.
  3050 | D:4      | Found a staircase to the Ecumenical Temple.
  3066 | Temple   | Entered the Ecumenical Temple
  3104 | Temple   | Became a worshipper of Cheibriados the Contemplative
  3255 | D:4      | Noticed a phantom
  3270 | D:4      | Killed a phantom
  3270 | D:4      | Reached skill level 5 in Axes
  3270 | D:4      | Reached XP level 7. HP: 32/52 MP: 7/7
  3305 | D:4      | Noticed Blork the orc
  3311 | D:4      | Killed Blork the orc
  3342 | D:4      | Found a sand-covered staircase.
  3374 | Ossuary  | Entered an ossuary
  3615 | Ossuary  | Reached * piety under Cheibriados
  3797 | Ossuary  | Reached skill level 6 in Axes
  3927 | Ossuary  | Reached XP level 8. HP: 58/58 MP: 8/8
  4144 | D:4      | Reached ** piety under Cheibriados
  4239 | D:4      | Got a slimy ring mail
  4494 | D:5      | Entered Level 5 of the Dungeon
  4508 | D:5      | Reached skill level 7 in Axes
  4520 | D:5      | Found a shadowy altar of Dithmenos.
  4804 | D:5      | Reached *** piety under Cheibriados
  4854 | D:5      | Reached XP level 9. HP: 44/64 MP: 9/9
  5286 | D:6      | Reached skill level 8 in Axes
  5407 | D:6      | Reached skill level 10 in Shields
  6216 | D:7      | Reached skill level 9 in Axes
  6334 | D:7      | Gained mutation: Your natural rate of healing is unusually fast. [mutagenic meat]
  6335 | D:7      | Gained mutation: You expend magic power (3 MP) to strengthen your wands. [mutagenic meat]
  6336 | D:7      | Gained mutation: You occasionally shout uncontrollably at your foes. [mutagenic meat]
  6541 | D:7      | Got a transparent battleaxe
  6542 | D:7      | Identified the +10 battleaxe of Cuunaq {holy, Int+4} (You found it on level 7 of the Dungeon)
  6742 | D:8      | Reached **** piety under Cheibriados
  6754 | D:8      | Reached skill level 5 in Fighting
  6760 | D:8      | Noticed a hornet
  6764 | D:8      | Killed a hornet
  6764 | D:8      | Reached XP level 10. HP: 71/74 MP: 10/10
  6838 | D:8      | Reached skill level 10 in Axes
  6903 | D:8      | Identified the +1 ring mail of Foliunoa {Str+4} (You found it on level 4 of the Dungeon)
  7019 | D:8      | Found a staircase to the Lair.
  7368 | D:9      | Reached ***** piety under Cheibriados
  7387 | D:8      | Found a hazy altar of Hepliaklqana.
  7572 | D:9      | Reached skill level 11 in Axes
  7715 | D:9      | Reached XP level 11. HP: 77/85 MP: 11/11
  7718 | D:9      | Reached skill level 12 in Axes
  7945 | D:10     | Entered Level 10 of the Dungeon
  8272 | D:10     | Found a sacrificial altar of Ru.
  8398 | D:10     | Reached ****** piety under Cheibriados
  8410 | D:10     | Gained mutation: You are dopey. (Int -2) [mutagenic meat]
  8411 | D:10     | Gained mutation: Your magical capacity is low. (-10% MP) [mutagenic meat]
  8413 | D:10     | Lost mutation: You occasionally shout uncontrollably at your foes. [mutagenic meat]
  8524 | D:10     | You fall through a shaft for 2 floors!
  8532 | D:12     | Reached skill level 13 in Axes
  8572 | D:12     | Noticed an eight-headed hydra
  8579 | D:12     | You fall through a shaft for 2 floors!
  8729 | D:14     | Noticed an unseen horror
  8739 | D:14     | Noticed a white ugly thing
  8740 | D:14     | Noticed a white ugly thing
  8746 | D:14     | Killed a white ugly thing
  8746 | D:14     | Reached skill level 1 in Invocations
  8747 | D:14     | Killed a white ugly thing
  8749 | D:14     | Killed an unseen horror
  8755 | D:14     | Reached XP level 12. HP: 84/97 MP: 12/12
  8830 | D:14     | Reached skill level 10 in Fighting
  8881 | D:14     | Reached skill level 14 in Axes
  9027 | D:11     | Noticed a seven-headed hydra
  9148 | D:12     | Slain by an 11-headed hydra

Vault maps used:
D:1:      lemuel_arrival_muddy, minmay_misc_feat_ornament, minivault_4,
          st_stairs_3
D:3:      first_bread
D:4:      temple_fountains, enter_ossuary_5, elyvilon_altar_4,
          uniq_blork_the_orc
D:5:      basic_altar, minmay_liquid_box
D:6:      serial_glass, glass_columns_b, glass_columns_b
D:8:      nicolae_overflow_hidden_temple, lair_entry_dummy
D:9:      kennysheep_ambush_hall
D:10:     hangedman_fish_farm, nicolae_ru_sacrificial_ziggurat
D:11:     serial_shops, shop, serial_bayou_crossing, uniq_grum
D:12:     orc_0_dummy
D:13:     erik_vaults_1, serial_shops, nicolae_shop_crystal, wad_hexagon
D:14:     serial_bayou_pond_b, hangedman_decor_growths
Temple:   nicolae_temple_the_god_donut
Ossuary:  minmay_ossuary_two_tombs

Skill      XL: |  1  2  3  4  5  6  7  8  9 10 11 12 |
---------------+-------------------------------------+-----
Shields        | 4 5 6 7 9 10 | 10.0
Axes           | 3 4 5 6 7 9 11 13 14 | 14.1
Fighting       | 5 7 9 10 | 10.2
Invocations    | 3 4 |  4.9
Armour         | |  3.2

Action                   |  1- 3 |  4- 6 |  7- 9 | 10-12 || total
-------------------------+-------+-------+-------+-------++-------
Melee: War axe           |    81 |    32 |       |       ||   113
       Hand axe          |       |   124 |   305 |       ||   429
       Battleaxe         |       |       |    25 |   242 ||   267
Invok: Temporal Distorti |       |       |       |     7 ||     7
 Abil: Dig               |       |     7 |       |     1 ||     8
       Shaft Self        |       |       |       |     1 ||     1
Evoke: Wand              |       |       |       |     3 ||     3
  Use: Scroll            |       |     5 |     4 |     3 ||    12
       Potion            |       |       |       |     2 ||     2
  Eat: Chunk             |     1 |     8 |    11 |    10 ||    30
       Bread ration      |       |       |       |     1 ||     1
Armor: Scale mail        |    29 |    31 |    58 |       ||   118
       Plate armour      |       |       |    12 |   182 ||   194
       Ring mail         |       |       |       |     7 ||     7
Dodge: Dodged            |    22 |    43 |    68 |    94 ||   227
Block: Shield            |    47 |    79 |   181 |   378 ||   685
       Reflection        |       |       |       |    17 ||    17
